AoeStats
← ElverGun4U

Arabia

508320322Analyzed
1v1 RM · 10d ago on Sep 21, 2026· 50m 58s· 2 players
Game mode
Random Map
Map size
Tiny (2 player)
Population
200
Speed
Normal
Resources
Standard
Victory
Conquest
Starting age
Dark Age
Ending age
Imperial Age
RankedLock teamsTeams togetherTeam positionsShared explorationLock speedFull tech treeHidden civsTurbo modeCheats
Victory
Defeat
🇨🇴 Persians · Colombia
779
+17
🇲🇽 Mongols · Mexico
795
-17
ElverGun4U
3:51 Loom
10:24 Feudal Age
11:02 Double-Bit Axe
13:19 Fletching
16:19 Horse Collar
19:40 Wheelbarrow
22:56 Castle Age
23:45 Bodkin Arrow
23:12 Crossbowman
24:08 Bow Saw
27:54 Ballistics
27:44 Kamandaran
31:35 Hand Cart
31:38 Thumb Ring
31:40 Elite Skirmisher
34:42 Padded Archer Armor
36:05 Scale Barding Armor
36:11 Forging
39:05 Imperial Age
37:00 Bloodlines
37:03 Husbandry
38:19 Town Watch
38:57 Chain Barding Armor
39:13 Iron Casting
39:42 Conscription
40:41 Chemistry
39:55 Masonry
45:26 Hoardings
44:34 Cavalier
46:43 Plate Barding Armor
47:09 Blast Furnace
46:44 Architecture
47:55 Town Patrol
50:09 Two-Man Saw
iD Grohl
0:29 Loom
10:37 Feudal Age
11:27 Double-Bit Axe
11:25 Horse Collar
13:07 Gold Mining
15:18 Stone Mining
16:46 Wheelbarrow
21:00 Castle Age
20:24 Fletching
20:35 Padded Archer Armor
20:36 Town Watch
24:05 Elite Skirmisher
27:15 Heavy Plow
27:31 Bow Saw
29:49 Leather Archer Armor
29:35 Bodkin Arrow
31:24 Hand Cart
32:23 Thumb Ring
32:53 Ballistics
32:29 Murder Holes
32:57 Nomads
34:05 Gold Shaft Mining
34:40 Stone Shaft Mining
35:28 Husbandry
35:39 Bloodlines
38:24 Imperial Age
37:15 Fortified Wall
37:15 Masonry
37:14 Scale Barding Armor
37:19 Forging
36:33 Light Cavalry
38:51 Chain Barding Armor
39:36 Conscription
39:37 Drill
38:48 Sappers
39:53 Hoardings
39:09 Onager
41:29 Bracer
42:04 Iron Casting
43:53 Chemistry
42:59 Siege Engineers
43:09 Heavy Camel Rider
44:23 Elite Mangudai
49:58 Blast Furnace
Connection lost

Rejoining the realm…

Still unreachable

The connection could not be restored.

Session expired

The server has moved on; the page needs a fresh start.